 Dungeon Crawl Stone Soup version 0.17-a0-2127-g1cb09f6 (webtiles) character file.

145 Adamkad1 the Shield-Bearer (level 5, -1/46 HPs)
             Began as a Hill Orc Fighter on Oct 21, 2015.
             Was an Initiate of Beogh.
             Slain by an ogre
             ... wielding a +0 giant club
              (17 damage)
             ... on level 4 of the Dungeon.
             The game lasted 00:07:26 (2567 turns).

Adamkad1 the Shield-Bearer (Hill Orc Fighter)       Turns: 2567, Time: 00:07:26

Health: -1/46      AC: 10    Str: 20    XL:     5   Next: 27%
Magic:  14/14      EV:  7    Int:  8    God:    Beogh [......]
Gold:   186        SH: 11    Dex: 10    Spells: 0 memorised, 4 levels left

rFire  . . .     SeeInvis +     a - +0 war axe
rCold  . . .     Clarity  .     b - +0 scale mail
rNeg   . . .     SustAt   .     c - +1 shield
rPois  .         Gourm    .     w - +0 helmet
rElec  .         Spirit   .     (no cloak)
rCorr  .         Warding  .     u - +0 pair of gloves
rMut   .         Stasis   .     (no boots)
MR     .....                    (no amulet)
Stlth  ..........               v - ring of magical power
                                t - ring of see invisible

@: not resistant to hostile enchantments, extremely unstealthy
A: no striking features
a: Renounce Religion


You were on level 4 of the Dungeon.
You worshipped Beogh.
Beogh was noncommittal.
You were hungry.

You visited 1 branch of the dungeon, and saw 4 of its levels.

You collected 186 gold pieces.

Inventory:

Hand Weapons
 a - a +0 war axe (weapon)
Armour
 b - a +0 scale mail (worn)
 c - a +1 shield (worn)
 u - a +0 pair of gloves (worn)
 w - a +0 helmet (worn)
Jewellery
 g - an uncursed ring of protection from fire
 t - a ring of see invisible (left hand)
 v - a ring of magical power (right hand)
Scrolls
 l - a scroll of noise
 m - 3 scrolls of identify
 o - 3 scrolls of remove curse
 z - a scroll of amnesia
Potions
 f - a potion of brilliance {unknown}
 j - a potion of magic {unknown}
 n - 2 potions of mutation {unknown}
 p - a potion of invisibility {unknown}
Books
 r - a book of Burglary

   Spells                             Type                      Level
   a - Swiftness                      Charms/Air                   2
   b - Passwall                       Transmutation/Earth          3
   c - Passage of Golubria            Translocation                4
   d - Lee's Rapid Deconstruction     Earth                        5
   e - Darkness                       Hexes                        6
   f - Invisibility                   Hexes                        6
Comestibles
 d - 2 chunks of flesh
 e - a bread ration
 i - a slice of pizza
 k - 3 meat rations
 s - a beef jerky


   Skills:
 + Level 4.2 Fighting
 + Level 3.4 Axes
 * Level 4.5 Armour
 + Level 0.7 Dodging
 + Level 0.1 Stealth
 * Level 4.5 Shields


You had 4 spell levels left.
You didn't know any spells.

Dungeon Overview and Level Annotations

Branches:
Dungeon (4/15)
 Temple: D:4-7

Altars:
Ashenzari
Cheibriados
Kikubaaqudgha
Qazlal
Yredelemnul

Shops:
D:4 *


Message History

You start resting.
You feel sick. x4
You are no longer poisoned.
An ogre comes into view. It is wielding a giant club.
The ogre shouts!
You block the ogre's attack.
You aren't carrying any items that can be evoked.
You are feeling hungry.
You closely miss the ogre. You block the ogre's attack.
You hit the ogre but do no damage. The ogre hits you with a giant club!
You hit the ogre.
The ogre is lightly wounded.
The ogre hits you with a giant club!
You hit the ogre.
The ogre is lightly wounded.
The ogre hits you with a giant club! You block the ogre's attack.
You hit the ogre but do no damage.
The ogre is lightly wounded.
The ogre hits you with a giant club!
You die...

######### #########
#...@O..# #......>#
#.#####.# ##.#####.#
## ### ###
####.####..### #.# ..
..# ....
#............###.# ##
#.#
#..#.##.##...........
######.#
#....##.###...#####.#
.......# #.......#
##........# #...##.#
.....######
#.######## .###...#
#.. #.# #


You could see an ogre.

Vanquished Creatures
  2 worker ants
  A gnoll (D:4)
  3 adders
  An ooze (D:3)
  3 giant geckos
  An orc (D:3)
  8 bats
  A giant cockroach (D:3)
  3 goblins
  12 hobgoblins
  7 giant newts
  6 kobolds
  5 rats
53 creatures vanquished.

Vanquished Creatures (others)
  A giant gecko (D:3)
  A goblin (D:3)
  A quokka (D:3)
  A rat (D:3)
4 creatures vanquished.

Grand Total: 57 creatures vanquished

Notes
Turn   | Place    | Note
--------------------------------------------------------------
     0 | D:1      | Adamkad1 the Hill Orc Fighter began the quest for the Orb.
     0 | D:1      | Reached XP level 1. HP: 19/19 MP: 1/1
   132 | D:1      | Reached XP level 2. HP: 27/27 MP: 2/2
   399 | D:1      | Found a shattered altar of Ashenzari.
   615 | D:2      | Reached XP level 3. HP: 28/33 MP: 3/3
   698 | D:2      | Reached skill level 4 in Shields
  1290 | D:2      | Found an ancient bone altar of Kikubaaqudgha.
  1364 | D:3      | Reached XP level 4. HP: 40/40 MP: 4/4
  1493 | D:3      | Became a worshipper of Beogh the Brigand
  1838 | D:3      | Found a basalt altar of Yredelemnul.
  1838 | D:3      | Found a stormy altar of Qazlal.
  2070 | D:4      | Reached XP level 5. HP: 18/46 MP: 5/5
  2308 | D:4      | Found a snail-covered altar of Cheibriados.
  2480 | D:4      | Found Dyovunov's Assorted Antiques.
  2548 | D:4      | Noticed an ogre
  2567 | D:4      | Slain by an ogre

Vault maps used:
D:1:      tarquinn_simple_flora_water_a, ashenzari_altar_1
D:2:      nicolae_overflow_hidden_temple, serial_glass, glass_columns_b,
          glass_columns_a
D:3:      gammafunk_temple_overflow_statue
D:4:      corexii_shantytown, overflow_temple_1_default, serial_shops,
          nicolae_shop_statue_plus, nrook_mini_vaults, wad_floor_pattern_1

Action                   |  1- 3 |  4- 6 || total
-------------------------+-------+-------++-------
Melee: War axe           |   104 |    69 ||   173
Invok: Convert to Beogh  |       |     1 ||     1
  Use: Scroll            |       |     7 ||     7
       Potion            |       |     1 ||     1
  Eat: Chunk             |     1 |     4 ||     5
